Map: Acropolis LE

Players

GOReynor (Reynor) - Winner!

  • Race: Zerg Zerg
  • League: Master
  • Spawn Location: 11:00

PtitDrogo

  • Race: Protoss Protoss
  • League: Master
  • Spawn Location: 5:00

Event: QLASH StarCraft II Invitational 2 Offline Finals

VOD

Have the link to the VOD?

Description

Time

  • Played on: July 27, 2019, 4:27 p.m.
  • Length: 14:57

All games in this series

Show
View Real Time Build Order
Export as new Build Order

GOReynor Zerg - Winner!

Build Orders: Hatch First, Muta Ling Bane 

Get SALT Encoding   

  12  0:00  Drone  
  13  0:12  Overlord  
  13  0:16  Drone  
  14  0:30  Drone x2  
  16  0:47  Hatchery  
  15  0:51  Drone  
  15  0:54  Drone  
  17  0:57  Drone  
  18  1:08  Extractor  
  17  1:13  Spawning Pool  
  17  1:16  Drone  
  17  1:19  Drone  
  18  1:28  Drone  
  19  1:39  Drone  
  20  1:49  Overlord  
  20  1:59  Drone  
  20  2:00  Drone, Queen x2  
  26  2:10  Zergling x2  
  26  2:11  Zergling x2  
  28  2:21  Drone x2  
  30  2:34  Hatchery  
  30  2:36  Drone x2  
  31  2:42  Overlord  
  31  2:44  Drone  
  32  2:50  Queen  
  34  2:53  Drone  
  34  2:55  Drone  
  36  3:03  Drone  
  36  3:04  Drone  
  38  3:09  Zergling x4  
  38  3:12  Overlord  
  39  3:14  Drone  
  39  3:17  Drone  
  41  3:21  Queen  
  41  3:25  Drone  
  43  3:28  Drone  
  43  3:31  Lair  
  44  3:36  Drone  
  44  3:38  Drone, Roach Warren  
  44  3:39  Extractor  
  46  3:41  Drone x2  
  46  3:42  Drone  
  46  3:44  Drone x3  
  46  3:46  Drone  
  51  3:49  Drone  
  51  3:50  Drone, Extractor  
  52  3:56  Overlord  
  52  3:58  Drone  
  53  4:09  Drone  
  54  4:14  Overlord x2  
  54  4:18  Roach x5  
  54  4:19  Roach  
  66  4:28  Overseer  
  66  4:29  Glial Reconstitution  
  66  4:33  Spore Crawler, Drone  
  66  4:34  Roach x3  
  66  4:35  Drone  
  73  4:39  Overlord  
  73  4:41  Roach  
  73  4:42  Drone  
  73  4:44  Drone  
  77  4:49  Overlord  
  77  4:50  Drone x2  
  77  4:52  Overseer  
  78  4:55  Overlord  
  77  5:12  Drone  
  77  5:13  Drone x5, Queen  
  83  5:16  Drone x3  
  83  5:20  Overlord  
  86  5:23  Extractor  
  86  5:26  Drone  
  86  5:27  Spire  
  85  5:32  Spore Crawler  
  85  5:33  Roach x2  
  89  5:35  Drone x2  
  89  5:37  Drone x2  
  89  5:41  Overlord  
  92  5:44  Drone  
  92  5:45  Drone x4  
  92  5:47  Overlord  
  92  5:49  Drone  
  98  5:50  Drone  
  98  5:55  Drone, Overlord  
  98  5:56  Drone  
  99  6:01  Extractor  
  99  6:02  Extractor  
  97  6:10  Drone x4  
  101  6:12  Overlord, Evolution Chamber  
  100  6:21  Overlord  
  100  6:29  Drone x2  
  102  6:35  Overlord  
  102  6:38  Mutalisk x2  
  102  6:39  Mutalisk x3  
  110  6:40  Mutalisk  
  110  6:41  Hatchery  
  110  6:42  Mutalisk x2  
  110  6:45  Baneling Nest, Overlord  
  115  6:48  Zerg Melee Weapons Level 1  
  115  6:51  Queen  
  115  6:52  Overlord  
  117  6:57  Drone  
  117  7:00  Overlord  
  116  7:06  Drone x9  
  125  7:11  Overlord  
  125  7:14  Zerg Flyer Weapons Level 1  
  125  7:15  Drone  
  126  7:16  Spore Crawler  
  126  7:17  Drone  
  126  7:20  Drone x2  
  128  7:23  Overlord  
  128  7:28  Infestation Pit  
  128  7:29  Centrifical Hooks  
  127  7:33  Drone  
  127  7:35  Roach x2, Zergling x12  
  136  7:41  Overlord  
  136  7:47  Zergling x2  
  136  7:48  Zergling x4  
  139  7:54  Metabolic Boost  
  139  7:57  Drone  
  138  7:58  Pneumatized Carapace  
  138  7:59  Drone  
  138  8:01  Drone x8  
  138  8:02  Zergling x2  
  147  8:05  Hive  
  147  8:07  Zergling x2  
  147  8:12  Overlord  
  148  8:13  Spore Crawler, Zergling x4  
  148  8:15  Zergling x2  
  150  8:21  Overlord  
  150  8:23  Ravager x4  
  150  8:25  Zergling x10  
  159  8:29  Zergling x2  
  159  8:30  Extractor  
  159  8:32  Drone  
  160  8:35  Zergling x2  
  160  8:36  Zergling x14  
  160  8:38  Baneling x7  
  160  8:39  Baneling x9  
  160  8:40  Zergling x2  
  160  8:41  Zergling x4  
  171  8:45  Zerg Melee Weapons Level 2  
  171  8:51  Hatchery  
  171  8:52  Zergling x16  
  178  8:58  Drone  
  176  9:11  Zergling x20  
  176  9:12  Baneling x2  
  176  9:13  Baneling x22  
  186  9:21  Greater Spire  
  186  9:22  Zergling x18  
  191  9:35  Drone x5  
  191  9:38  Extractor  
  195  9:44  Zergling x14  
  199  9:52  Roach x2, Zergling x2  
  180  9:53  Zergling x6  
  149  10:01  Roach x2, Zergling x2  
  149  10:03  Baneling x8  
  149  10:05  Roach x3, Zergling x2  
  151  10:08  Overseer  
  151  10:09  Baneling x6  
  151  10:11  Zergling x8  
  151  10:14  Baneling x12  
  148  10:15  Zergling x4  
  148  10:16  Roach, Zergling x4  
  148  10:20  Baneling x2  
  154  10:23  Zergling x4  
  156  10:29  Corruptor  
  156  10:30  Corruptor x2  
  156  10:34  Corruptor x2  
  166  10:38  Extractor  
  165  10:43  Drone x2  
  165  10:44  Drone  
  165  10:46  Adrenal Glands  
  165  10:49  Zergling x2  
  170  10:50  Zergling x24  
  174  11:00  Brood Lord x2  
  176  11:05  Extractor  
  176  11:09  Brood Lord  
  177  11:13  Drone x5, Spine Crawler, Brood Lord  
  177  11:14  Spine Crawler  
  177  11:15  Zergling x18  
  177  11:16  Spine Crawler  
  177  11:17  Spine Crawler  
  188  11:21  Brood Lord  
  185  11:34  Zergling x28  
  185  11:39  Baneling x11  
  191  11:47  Baneling x14  
  191  11:48  Baneling  
  188  11:58  Drone x2  
  188  12:01  Zergling x18  
  199  12:03  Baneling x8  
  199  12:13  Zerg Melee Weapons Level 3  
  193  12:26  Zergling x12  
  193  12:27  Zergling x14  
  174  12:32  Zergling x6  
  154  12:37  Zergling x2  
  154  12:40  Roach x4  
  159  12:46  Roach  
  159  12:47  Roach, Zergling x8  
  159  12:49  Roach x2  
  163  12:53  Roach x2  
  163  12:54  Ravager  
  163  12:55  Ravager x4, Queen  
  173  12:58  Zergling x2  
  173  12:59  Zergling x2  
  173  13:04  Zergling x8  
  177  13:10  Baneling x8  
  177  13:11  Ravager x2  
  177  13:12  Roach x3, Zergling x6  
  188  13:14  Zergling x6  
  188  13:17  Zergling x10  
  196  13:23  Zergling x4  
  196  13:26  Zergling x2  
  195  13:28  Zergling x4  
  197  13:38  Corruptor x4  
  199  13:42  Overlord  
  199  13:43  Corruptor  
  199  13:44  Zergling x2  
  199  13:47  Overseer x3  
  199  13:48  Corruptor x2  
  196  13:53  Baneling x5  
  196  13:54  Baneling  
  200  13:56  Baneling x4  
  200  13:58  Pathogen Glands  
  200  14:08  Hatchery  
  199  14:11  Spine Crawler  
  199  14:12  Corruptor x2, Spine Crawler x2  
  200  14:22  Zergling x2  
  200  14:23  Zergling x2  
  199  14:35  Baneling  
  199  14:36  Baneling x7  
Show
View Real Time Build Order
Export as new Build Order

PtitDrogo Protoss 

Build Orders: 1 Gate Expand, Archon Immortal, Archon Drop, Dark Templar Rush 

Get SALT Encoding   

  12  0:00  Probe  
  13  0:13  Probe  
  14  0:19  Pylon  
  14  0:25  Probe  
  15  0:29  Assimilator  
  15  0:33  Probe  
  15  0:41  Probe  
  16  0:47  Gateway  
  17  0:51  Probe  
  18  1:03  Probe  
  19  1:18  Probe  
  20  1:22  Nexus  
  20  1:34  Cybernetics Core  
  20  1:37  Probe  
  21  1:40  Assimilator  
  21  1:49  Probe  
  21  1:51  Pylon  
  22  2:01  Probe, Stalker  
  23  2:13  Probe  
  26  2:17  Twilight Council  
  26  2:24  Warp Gate  
  26  2:25  Probe  
  27  2:30  Adept, Probe  
  27  2:35  Probe  
  30  2:38  Probe  
  30  2:43  Probe  
  32  2:48  Probe  
  32  2:50  Robotics Facility  
  34  2:52  Probe  
  35  3:00  Probe  
  35  3:04  Probe  
  38  3:12  Probe  
  38  3:15  Gateway  
  38  3:16  Probe  
  39  3:24  Probe, Dark Shrine  
  39  3:28  Probe  
  39  3:33  Gateway  
  40  3:35  Gateway  
  40  3:36  Warp Prism  
  40  3:40  Probe x2  
  44  3:52  Assimilator  
  44  3:54  Assimilator  
  44  3:55  Pylon  
  44  3:58  Probe x2  
  44  4:02  Pylon  
  46  4:13  Probe x2  
  46  4:15  Adept  
  50  4:25  Probe x2  
  52  4:38  Dark Templar x4  
  60  4:40  Probe  
  60  4:41  Observer, Archon  
  60  4:42  Archon  
  62  4:46  Pylon  
  62  4:47  Pylon  
  62  4:54  Nexus  
  62  5:04  Probe  
  61  5:10  Immortal  
  61  5:14  Probe  
  61  5:16  Probe  
  61  5:18  Dark Templar  
  69  5:23  Forge, Pylon  
  69  5:26  Probe  
  69  5:27  Sentry x2  
  74  5:28  Probe  
  75  5:38  Probe  
  75  5:39  Immortal, Charge  
  75  5:40  Probe  
  77  5:46  Protoss Ground Weapons Level 1  
  81  5:51  Probe  
  81  5:52  Probe  
  83  6:01  Gateway  
  83  6:02  Gateway  
  83  6:03  Probe  
  84  6:05  Probe  
  84  6:10  Probe  
  86  6:13  Phoenix  
  86  6:15  Probe  
  86  6:17  Probe  
  88  6:22  Probe  
  88  6:24  Pylon  
  93  6:26  Probe  
  93  6:27  Probe  
  93  6:30  Probe  
  95  6:34  Probe  
  95  6:38  Probe, Assimilator x2  
  95  6:39  Probe  
  98  6:43  Probe  
  98  6:45  Immortal, Templar Archives  
  100  6:49  Gateway x2, Probe  
  100  6:51  Probe  
  102  7:01  Probe  
  103  7:09  Photon Cannon  
  103  7:11  Shield Battery  
  103  7:13  Shield Battery  
  103  7:14  Photon Cannon  
  93  7:15  Pylon  
  93  7:18  Immortal  
  93  7:19  Photon Cannon, Stalker x4  
  93  7:20  Shield Battery  
  93  7:22  Pylon  
  101  7:29  Blink, Photon Cannon  
  105  7:36  Observer  
  105  7:37  Stalker x2  
  109  7:45  High Templar x4  
  109  7:46  Zealot x2  
  109  7:49  Archon x2  
  119  7:55  Probe  
  119  7:57  Protoss Ground Weapons Level 2  
  120  8:07  Probe  
  120  8:09  Psionic Storm  
  120  8:10  Immortal  
  125  8:13  Photon Cannon  
  125  8:14  Nexus  
  125  8:15  Shield Battery  
  125  8:17  Pylon  
  125  8:20  Pylon  
  125  8:22  Pylon  
  125  8:24  Pylon  
  125  8:37  Shield Battery  
  125  8:38  High Templar x2  
  125  8:39  Shield Battery  
  125  8:40  Probe  
  130  8:48  High Templar, Zealot x3  
  132  8:49  Zealot x2  
  132  8:50  Shield Battery  
  136  9:07  Probe  
  134  9:16  High Templar x3, Zealot  
  134  9:17  Zealot x3  
  145  9:20  Pylon, Archon  
  145  9:22  Pylon  
  145  9:32  Probe  
  145  9:34  Assimilator  
  145  9:38  High Templar x2, Zealot x3  
  148  9:39  Assimilator  
  148  9:42  Archon  
  152  9:46  Protoss Ground Weapons Level 3  
  134  9:56  Probe  
  134  9:57  Zealot x3  
  125  10:07  Zealot x3, Immortal  
  125  10:12  Probe x2  
  133  10:15  High Templar x2  
  141  10:24  Gateway  
  141  10:25  Gateway  
  141  10:26  Gateway, High Templar x2  
  141  10:28  Zealot x4, Gateway  
  153  10:31  Probe x2  
  153  10:32  Pylon  
  153  10:33  Probe x2  
  157  10:36  Warp Prism  
  157  10:43  Probe x2  
  157  10:45  Probe  
  162  10:53  Probe  
  162  10:54  Pylon  
  161  11:02  Probe  
  156  11:07  High Templar x3  
  156  11:08  High Templar x3  
  156  11:09  Zealot x2  
  172  11:12  Pylon  
  172  11:13  Pylon  
  172  11:15  Archon  
  172  11:16  Archon  
  172  11:21  Pylon  
  170  11:26  Probe  
  170  11:29  Probe  
  158  11:33  Probe  
  158  11:35  Probe  
  158  11:37  High Templar x3  
  158  11:38  High Templar, Zealot x2  
  168  11:40  Zealot x6  
  168  11:41  Probe  
  168  11:42  Archon x2  
  168  11:46  Probe x2  
  162  11:47  Probe  
  162  11:53  Probe  
  164  11:58  Probe x2  
  166  12:07  High Templar x3  
  166  12:08  High Templar  
  174  12:09  Zealot x4, Stalker x2  
  174  12:10  Zealot  
  174  12:11  Archon  
  174  12:12  Archon  
  176  12:27  Stalker  
  134  12:35  Stalker x2  
  134  12:36  Stalker x5  
  106  12:47  Stalker x3  
  106  12:48  Stalker  
  96  12:52  Zealot  
  92  13:02  High Templar x4, Zealot x3  
  106  13:32  Dark Templar x4  
  106  13:33  Zealot x4  
  116  13:46  Stalker x4  
  106  13:52  Zealot x3  
  106  13:54  Dark Templar x3, Zealot  
  112  14:03  Probe, Observer  
  112  14:06  Nexus  
  104  14:28  High Templar x4  
  104  14:29  Zealot x8  
  126  14:33  Archon x2  
  110  14:50  Archon  
  110  14:52  Stalker x3  
  84  14:53  Zealot x5  
Tags
 
Add a new tag
Caveats
  • Supply blocks, unpowered buildings, or Contaminate may cause inaccurate times.
  • Supply counts are checked every 10 seconds.